 Dungeon Crawl Stone Soup version 0.17.0-23-g0de4337 (console) character file.

1500 gw the Cudgeler (level 8, 44/50 HPs)
             Began as a Gargoyle Fighter on Nov 15, 2015.
             Was a Believer of Nemelex Xobeh.
             Quit the game on level 5 of the Dungeon.
             The game lasted 00:13:24 (5743 turns).

gw the Cudgeler (Gargoyle Fighter)                  Turns: 5743, Time: 00:13:25

Health: 44/50      AC: 17    Str: 19    XL:     8   Next: 81%
Magic:  11/11      EV:  4    Int: 10    God:    Nemelex Xobeh [**....]
Gold:   210        SH:  9    Dex: 11    Spells: 0 memorised, 7 levels left

rFire  + . .     SeeInvis .     a - +2 flail
rCold  . . .     Clarity  .     f - +0 plate armour
rNeg   + . .     SustAt   .     c - +0 shield
rPois  ∞         Gourm    .     (no helmet)
rElec  +         Spirit   .     (no cloak)
rCorr  .         Warding  .     (no gloves)
rMut   .         Stasis   .     (no boots)
MR     .....                    p - amulet of faith
Stlth  ..........               (no ring)
                                r - ring of protection from fire

@: cleaving, not resistant to hostile enchantments, extremely unstealthy
A: negative energy resistance 1, electricity resistance, unbreathing,
petrification resistance, rot immunity, AC +5
a: Renounce Religion


You were on level 5 of the Dungeon.
You worshipped Nemelex Xobeh.
Nemelex Xobeh was pleased with you.
You were hungry.

You visited 1 branch of the dungeon, and saw 5 of its levels.

You collected 210 gold pieces.

Inventory:

Hand Weapons
 a - a +2 flail (weapon)
Missiles
 m - 13 poisoned needles
 q - 126 stones (quivered)
Armour
 c - a +0 shield (worn)
 f - a +0 plate armour (worn)
Jewellery
 p - an amulet of faith (around neck)
 r - a ring of protection from fire (left hand)
Wands
 g - a wand of random effects (9)
 i - a wand of paralysis (3)
 o - a wand of polymorph (4)
Scrolls
 l - 3 scrolls of remove curse
 t - 2 scrolls of identify
 v - a scroll of summoning {unknown}
Potions
 d - a potion of flight {unknown}
 k - a potion of cancellation
 n - a potion of curing
 w - a potion of mutation {unknown}
 x - a potion of invisibility {unknown}
Miscellaneous
 j - a plain deck of war {drawn: 2}
 s - a legendary deck of war {drawn: 1}
Comestibles
 b - a slice of pizza
 e - 5 bread rations
 h - 2 meat rations
 u - a beef jerky


   Skills:
 + Level 5.4 Fighting
 * Level 5.6 Maces & Flails
 + Level 3.1 Throwing
 + Level 5.5 Armour
 + Level 5.1 Shields
 * Level 4.4 Evocations


You had 7 spell levels left.
You didn't know any spells.

Dungeon Overview and Level Annotations

Branches:
Dungeon (5/15)
 Temple: D:4-7

Altars:
Gozag
Nemelex Xobeh
Okawaru
Qazlal

Shops:
D:5 (


Innate Abilities, Weirdness & Mutations

You are resistant to torment.
Your stone body is resilient (AC +5).
You are immune to poison.
You resist negative energy.
You are resistant to electric shocks.
You can survive without breathing.
You are immune to petrification.
You are immune to rotting.


Message History

ATTACK MOVE TO (-1,1) Why would you want to do that?
ATTACK MOVE TO (-1,1) Why would you want to do that?
ATTACK MOVE TO (-1,1) Why would you want to do that?
ATTACK MOVE TO (-1,1) Why would you want to do that?
ATTACK MOVE TO (-1,1) Why would you want to do that?
ATTACK MOVE TO (-1,1) Why would you want to do that?
ATTACK MOVE TO (-1,1) Why would you want to do that?
ATTACK MOVE TO (-1,1) Why would you want to do that?
ATTACK MOVE TO (-1,1) Why would you want to do that?
Infinite lua loop detected, aborting.
Are you sure you want to abandon this character and quit the game? (Confirm with "yes".)

......#.....8#8
#..[.................
##(....##.....<....#..
#(......##.#.#.#..##..
#..............#......
#..(..............##.#
#..(............>##.#
##Dl..(........#.##.#
##~¤¤9(.......#......#
#~~¤¤Y...........#.###
#...c~~.......##.......
...~~~~~....>..###.#.###
####~~~........####..# #
......###..###.....##.
...#........# #........
.......##..####......##
...(...[..............


You could see a centaur (burning), a friendly basilisk, a friendly mottled
dragon and a friendly ice beast.

Table legend:
 A = Turns spent in this place as a percentage of turns spent in the entire game.
 B = Non-inter-level travel turns spent in this place as a percentage of non-inter-level travel turns spent in the entire game.
 C = Inter-level travel turns spent in this place as a percentage of turns spent in this place.
 D = Turns resting spent in this place as a percentage of non-inter-level travel turns spent in this place.
 E = Turns spent auto-exploring this place as a percentage of non-inter-level travel turns spent in this place.
 F = Non-inter-level travel turns spent in this place divided by the number of levels of this place that you've seen.
                   A       B       C       D       E      F
               +-------+-------+-------+-------+-------+----------------------
         Total | 100.0 | 100.0 |   0.3 |   0.4 |   1.4 | 2888.4
       Dungeon | 100.0 | 100.0 |   0.3 |   0.4 |   1.4 | 2888.4
               +-------+-------+-------+-------+-------+----------------------

Table legend:
 A = Kills in this place as a percentage of kills in entire the game.
 B = Kills by you in this place as a percentage of kills by you in the entire game.
 C = Kills by friends in this place as a percentage of kills by friends in the entire game.
 D = Other kills in this place as a percentage of other kills in the entire game.
 E = Experience gained in this place as a percentage of experience gained in the entire game.
 F = Experience gained in this place divided by the number of levels of this place that you have seen.
                   A       B       C       D       E      F
               +-------+-------+-------+-------+-------+----------------------
         Total | 100.0 | 100.0 | 100.0 | 100.0 | 100.0 | 428.6
       Dungeon | 100.0 | 100.0 | 100.0 | 100.0 | 100.0 | 428.6
               +-------+-------+-------+-------+-------+----------------------

Vanquished Creatures
  The ghost of zarick13 the Destroyer, a novice DECj (D:4)
  Sigmund (D:4)
  A water moccasin (D:5)
  An orc warrior (D:3)
  A phantom (D:4)
  An ogre (D:3)
  A giant frog (D:3)
  A crimson imp (D:5)
  3 orc wizards
  A jelly (D:5)
  3 worker ants
  5 gnolls
  4 adders
  2 oozes
  A worm (D:5)
  4 giant geckos
  18 orcs
  A ball python (D:1)
  7 giant cockroaches
  8 hobgoblins
  7 jackals (D:4)
  10 kobolds
  2 quokkas
  7 bats
  6 giant newts
  5 goblins
  7 rats
109 creatures vanquished.

Vanquished Creatures (collateral kills)
  The ghost of Ace the Chiller, a novice DsIE (D:5)
  The ghost of gw the Skirmisher, an amateur MiFi of Okawaru (D:3)
  A crimson imp (D:5)
  A gnoll shaman (D:5)
  A giant frog skeleton (D:5)
  An iguana (D:5)
  2 adders
  5 gnolls (D:5)
  A worm (D:2)
  A hobgoblin (D:3)
15 creatures vanquished.

Vanquished Creatures (others)
  An ooze (D:4)
  An adder skeleton (D:4)
  A fulminant prism (D:4)
3 creatures vanquished.

Grand Total: 127 creatures vanquished

Notes
Turn   | Place    | Note
--------------------------------------------------------------
     0 | D:1      | gw the Gargoyle Fighter began the quest for the Orb.
     0 | D:1      | Reached XP level 1. HP: 14/14 MP: 1/1
   167 | D:1      | Reached XP level 2. HP: 19/19 MP: 2/2
   767 | D:1      | Reached XP level 3. HP: 23/23 MP: 3/3
  1468 | D:2      | Found a sparkling altar of Nemelex Xobeh.
  1474 | D:2      | Became a worshipper of Nemelex Xobeh the Trickster
  1516 | D:2      | Received a gift from Nemelex Xobeh
  1554 | D:2      | Noticed an air elemental
  1796 | D:2      | Received a gift from Nemelex Xobeh
  1816 | D:2      | Found a stormy altar of Qazlal.
  1818 | D:2      | Noticed an earth elemental
  1818 | D:2      | Noticed a fire elemental
  1819 | D:2      | Noticed a water elemental
  2102 | D:3      | Reached * piety under Nemelex Xobeh
  2135 | D:3      | Noticed gw's ghost (amateur MiFi)
  2145 | D:3      | Killed gw's ghost
  2145 | D:3      | Reached skill level 1 in Evocations
  2145 | D:3      | Reached XP level 4. HP: 29/29 MP: 4/4
  2185 | D:3      | Noticed an ogre
  2189 | D:3      | Killed an ogre
  2189 | D:3      | Reached skill level 1 in Throwing
  2189 | D:3      | Reached skill level 4 in Armour
  2189 | D:3      | Reached XP level 5. HP: 33/33 MP: 4/6
  2660 | D:3      | Noticed an orc warrior
  3079 | D:3      | Reached XP level 6. HP: 38/38 MP: 7/7
  3462 | D:3      | Killed an orc warrior
  3773 | D:4      | Reached XP level 7. HP: 36/43 MP: 8/8
  3853 | D:4      | Noticed zarick13's ghost (novice DECj)
  3862 | D:4      | Received a gift from Nemelex Xobeh
  4154 | D:4      | Noticed Sigmund
  4165 | D:4      | Killed Sigmund
  4469 | D:4      | Reached ** piety under Nemelex Xobeh
  4510 | D:4      | Received a gift from Nemelex Xobeh
  4638 | D:4      | Reached skill level 5 in Armour
  4778 | D:4      | Killed zarick13's ghost
  4778 | D:4      | Reached skill level 5 in Maces & Flails
  4778 | D:4      | Reached XP level 8. HP: 36/48 MP: 10/10
  4932 | D:4      | Received a gift from Nemelex Xobeh
  5241 | D:4      | Reached skill level 5 in Fighting
  5309 | D:5      | Entered Level 5 of the Dungeon
  5447 | D:5      | Noticed Ace's ghost (novice DsIE)
  5453 | D:5      | Killed Ace's ghost
  5453 | D:5      | Reached skill level 5 in Shields
  5587 | D:5      | Found an iron altar of Okawaru.
  5589 | D:5      | Found an opulent altar of Gozag.
  5602 | D:5      | Received a gift from Nemelex Xobeh
  5717 | D:5      | Found Hep Egh's Weapon Emporium.
  5743 | D:5      | Quit the game

Action                   |  1- 3 |  4- 6 |  7- 9 || total
-------------------------+-------+-------+-------++-------
Melee: Flail             |   114 |   139 |   192 ||   445
Throw: Stone             |    32 |    64 |    64 ||   160
Evoke: Deck              |    13 |       |    14 ||    27
       Wand              |       |     8 |     4 ||    12
  Use: Scroll            |     6 |     3 |     5 ||    14
       Potion            |     5 |     3 |     1 ||     9
  Eat: Chunk             |     4 |     6 |     6 ||    16

Vault maps used:
D:1:      sevenhm_arrival_forest_fort_large_4, item_on_display_a
D:2:      nicolae_qazlal_style_of_elements, overflow_temple_1_default
D:3:      hangedman_decor_points, minmay_divided_ellipse
D:4:      first_bread, uniq_sigmund
D:5:      grunt_temple_overflow_open, serial_shops, nicolae_shop_waterfront,
          minmay_statues_item
